 Dungeon Crawl Stone Soup version 0.17.0-23-g0de4337 (console) character file.

4 gw the Bolt Thrower (level 1, -4/18 HPs)
             Began as a Hill Orc Hunter on Nov 14, 2015.
             Slain by a gnoll
             ... wielding a +0 halberd
              (15 damage)
             ... on level 1 of the Dungeon.
             The game lasted 00:00:17 (292 turns).

gw the Bolt Thrower (Hill Orc Hunter)                Turns: 292, Time: 00:00:17

Health: -4/18      AC:  3    Str: 14    XL:     1   Next: 60%
Magic:  1/1        EV: 11    Int: 11    God:
Gold:   15         SH:  0    Dex: 11    Spells: 0 memorised, 0 levels left

rFire  . . .     SeeInvis .     c - +0 short sword
rCold  . . .     Clarity  .     d - +0 leather armour
rNeg   . . .     SustAt   .     (no shield)
rPois  .         Gourm    .     (no helmet)
rElec  .         Spirit   .     (no cloak)
rCorr  .         Warding  .     (no gloves)
rMut   .         Stasis   .     (no boots)
MR     .....                    (no amulet)
Stlth  +.........               (no ring)
                                (no ring)

@: not resistant to hostile enchantments, very unstealthy
A: no striking features
a: no special abilities


You were on level 1 of the Dungeon.
You were not hungry.

You visited 1 branch of the dungeon, and saw 1 of its levels.

You collected 15 gold pieces.

Inventory:

Hand Weapons
 a - a +1 hand crossbow
 c - a +0 short sword (weapon)
Missiles
 b - 20 bolts
Armour
 d - a +0 leather armour (worn)
Scrolls
 f - a scroll of identify {unknown}
 g - a scroll of amnesia {unknown}
Comestibles
 e - a bread ration


   Skills:
 + Level 2.6 Fighting
 * Level 3.7 Crossbows
 + Level 0.2 Armour
 - Level 1.5 Dodging
 - Level 0.7 Stealth


You couldn't memorise any spells.
You didn't know any spells.

Dungeon Overview and Level Annotations

Branches:
Dungeon (1/15)

Altars:


Message History

The gnoll is almost dead.
The gnoll hits you with a halberd!
ATTACK MOVE TO (0,-1)
You closely miss the gnoll.
The gnoll is almost dead.
The gnoll closely misses you.
ATTACK MOVE TO (0,-1)
You hit the gnoll but do no damage.
The gnoll is almost dead.
The gnoll misses you.
ATTACK MOVE TO (0,-1)
You hit the gnoll but do no damage.
The gnoll is almost dead.
The gnoll hits you but does no damage.
ATTACK MOVE TO (0,-1)
You hit the gnoll.
The gnoll is almost dead.
The gnoll hits you with a halberd!
Ouch! That really hurt!
You die...

#... #### ..
##..### ##. .#.#
....... ..#...#
....#.# .....# ##
.#.##.# #.#..##..
.#.##.## #(.....
.......#######..g.#
................o#
.####...########.#
.# #...# #.# .#
#...# #.# .# #...#
#.# .#
#%..########.# .#
#............# ##
##..###.#.####
#..#...#...#####.#


You could see a gnoll.

Table legend:
 A = Turns spent in this place as a percentage of turns spent in the entire game.
 B = Non-inter-level travel turns spent in this place as a percentage of non-inter-level travel turns spent in the entire game.
 C = Inter-level travel turns spent in this place as a percentage of turns spent in this place.
 D = Turns resting spent in this place as a percentage of non-inter-level travel turns spent in this place.
 E = Turns spent auto-exploring this place as a percentage of non-inter-level travel turns spent in this place.
 F = Non-inter-level travel turns spent in this place divided by the number of levels of this place that you've seen.
                   A       B       C       D       E      F
               +-------+-------+-------+-------+-------+----------------------
         Total | 100.0 | 100.0 |   0.0 |   1.0 |   3.2 | 400.0
       Dungeon | 100.0 | 100.0 |   0.0 |   1.0 |   3.2 | 400.0
               +-------+-------+-------+-------+-------+----------------------

Table legend:
 A = Kills in this place as a percentage of kills in entire the game.
 B = Kills by you in this place as a percentage of kills by you in the entire game.
 C = Kills by friends in this place as a percentage of kills by friends in the entire game.
 D = Other kills in this place as a percentage of other kills in the entire game.
 E = Experience gained in this place as a percentage of experience gained in the entire game.
 F = Experience gained in this place divided by the number of levels of this place that you have seen.
                   A       B       C       D       E      F
               +-------+-------+-------+-------+-------+----------------------
         Total | 100.0 | 100.0 |  -nan |  -nan | 100.0 |   6.0
       Dungeon | 100.0 | 100.0 |  -nan |  -nan | 100.0 |   6.0
               +-------+-------+-------+-------+-------+----------------------

Vanquished Creatures
  A hobgoblin (D:1)
  2 kobolds (D:1)
  A rat (D:1)
4 creatures vanquished.

Notes
Turn   | Place    | Note
--------------------------------------------------------------
     0 | D:1      | gw the Hill Orc Hunter began the quest for the Orb.
     0 | D:1      | Reached XP level 1. HP: 18/18 MP: 1/1
   292 | D:1      | Slain by a gnoll

Action                   || total
-------------------------++-------
Melee: Short sword       ||    15
 Fire: Hand crossbow     ||     6
 Stab: Sleeping          ||     1

Vault maps used:
D:1:      dpeg_arrival_tiny_d, hangedman_abyss_or_decor_stabs
